 Dungeon Crawl Stone Soup version 0.28-a0-8-g6e044cfa68 (webtiles) character file.

Game seed: 1669735064009060404

150 nelgraf2 the Insei (level 5, -1/40 HPs)
             Began as a Draconian Transmuter on July 24, 2021.
             Succumbed to a scorpion's poison
             ... on level 4 of the Dungeon on July 25, 2021.
             The game lasted 00:05:58 (2881 turns).

nelgraf2 the Insei (Draconian Transmuter)           Turns: 2881, Time: 00:05:58

Health: -1/40      AC:  5    Str: 12    XL:     5   Next: 10%
Magic:  8/8        EV: 12    Int: 13    God:
Gold:   21         SH:  0    Dex: 13    Spells: 8/9 levels left

rFire   . . .      SeeInvis .     - Unarmed
rCold   . . .      Faith    .   (no shield)
rNeg    . . .      Spirit   .   (armour unavailable)
rPois   .          Reflect  .   (helmet restricted)
rElec   .          Harm     .   (no cloak)
rCorr   .          Rampage  .   (no gloves)
Will    .....                   (no boots)
Stlth   +.........              (no amulet)
HPRegen 0.13/turn               (no ring)
MPRegen 0.11/turn               (no ring)

@: lethally poisoned (-1 -> -6)
A: AC +5, unfitting armour, cold-blooded
a: no special abilities


You were on level 4 of the Dungeon.
You visited 1 branch of the dungeon, and saw 4 of its levels.

You collected 86 gold pieces.
You spent 65 gold pieces at shops.

Inventory:

Missiles
 i - 3 curare-tipped darts
Wands
 n - a wand of iceblast (7)
Scrolls
 a - a scroll of holy word {unknown}
 b - 2 scrolls of blinking {unknown}
 c - 2 scrolls of teleportation
 e - 2 scrolls of magic mapping {unknown}
 g - a scroll of fog {unknown}
 l - 2 scrolls of identify
 o - 4 scrolls of noise {unknown}
Potions
 d - a potion of heal wounds {unknown}
 f - a potion of curing {unknown}
 h - 2 potions of lignification
 j - a potion of flight {unknown}
 m - a potion of degeneration {unknown}


   Skills:
 + Level 1.4 Fighting
 + Level 2.4 Dodging
 + Level 4.3 Unarmed Combat
 + Level 2.6 Spellcasting
 * Level 3.2 Transmutations


You had 8 spell levels left.
You knew the following spells:

 Your Spells              Type           Power      Damage    Failure   Level
a - Beastly Appendage     Tmut           20%        N/A       6%          1

Your spell library contained the following spells:

 Spells                   Type           Power      Damage    Failure   Level
 Wereblood                Tmut           10%        N/A       10%         2
 Spider Form              Tmut/Pois      2%         N/A       36%         3
 Ice Form                 Ice/Tmut       5%         N/A       77%         4


Dungeon Overview and Level Annotations

Branches:
Dungeon (4/15)
 Temple: D:4-7

Altars:
Yredelemnul

Shops:
D:3 *   D:4 ?(


Innate Abilities, Weirdness & Mutations

Your plain brown scales are hard. (AC +5)
You cannot fit into any form of body armour.
You are cold-blooded and may be slowed by cold attacks.


Message History

You feel sick. The scorpion misses you.
You completely miss the scorpion. You claw the scorpion.
The scorpion is heavily wounded.
You feel sick. The ufetubus closely misses you. The ufetubus barely misses you.
The scorpion stings you!
You are more poisoned.
The scorpion poisons you!
You hit the scorpion.
The scorpion is severely wounded.
You feel sick.
The ufetubus hits you but does no damage.
The ufetubus hits you. The scorpion stings you!
* * * LOW HITPOINT WARNING * * *
The ufetubus hits you but does no damage.
The ufetubus barely misses you.
You barely miss the scorpion.
The scorpion is severely wounded.
* * * LOW HITPOINT WARNING * * *
You feel sick. The ufetubus closely misses you. The ufetubus barely misses you.
The scorpion stings you.
* * * LOW HITPOINT WARNING * * *
You punch the scorpion!
You kill the scorpion!
* * * LOW HITPOINT WARNING * * *
You feel sick. The ufetubus misses you. The ufetubus hits you.
* * * LOW HITPOINT WARNING * * *
The ufetubus barely misses you.
The ufetubus hits you but does no damage.
You have reached level 5!
It was a potion of lignification.
Your horns disappear.
Your talons disappear.
You turn into a tree.
Your roots penetrate the ground.
* * * LOW HITPOINT WARNING * * *
You feel sick.
The ufetubus hits you but does no damage. x2
It was a potion of cancellation.
Your magical effects are unravelling.
You feel magically purged.
You feel less wooden.
You die...

....##.####.###
!...#..⌠.⌠....#
....#...∩....### #
......⌠.⌠...#.#..
................
#............#
##...........## ..
#......@......# ...
###.#...5..#..#. ...#
#...#####K##
#...####..### #.#
#..........####....
##.......†.......#...
#.......∩....#.#.
#...
.............##.. ...
..[...........####


You could see an ufetubus and a kobold.

Vanquished Creatures
  A scorpion (D:4)
  Robin (D:3)
  An adder skeleton (D:4)
  2 worms
  2 dart slugs
  An orc (D:4)
  2 ball pythons
  3 endoplasms
  15 goblins
  9 hobgoblins
  7 jackals
  3 quokkas
  5 bats
  5 frilled lizards
  4 kobolds
  4 rats
65 creatures vanquished.

Notes
Turn   | Place    | Note
-------+----------+-------------------------------------------
     0 | D:1      | nelgraf2 the Draconian Transmuter began the quest for the
                  | Orb.
     0 | D:1      | Reached XP level 1. HP: 16/16 MP: 3/3
   494 | D:1      | Reached XP level 2. HP: 19/23 MP: 1/5
  1334 | D:2      | Found a faded altar of an unknown god.
  1599 | D:2      | Reached XP level 3. HP: 22/28 MP: 4/6
  1809 | D:3      | Noticed Robin
  1851 | D:3      | Found Emmunig's General Store.
  1935 | D:3      | Killed Robin
  2304 | D:3      | Reached XP level 4. HP: 35/35 MP: 7/7
  2386 | D:3      | Reached skill level 4 in Unarmed Combat
  2478 | D:3      | Found a basalt altar of Yredelemnul.
  2815 | D:4      | Found Rothah's Magic Scroll Emporium.
  2838 | D:4      | Bought a scroll of teleportation for 39 gold pieces
  2838 | D:4      | Bought a scroll of identify for 26 gold pieces
  2841 | D:4      | Found Laotit's Antique Weapon Shoppe.
  2842 | D:4      | Noticed a scorpion
  2879 | D:4      | Killed a scorpion
  2879 | D:4      | HP: 1/35 [ufetubus (2)]
  2880 | D:4      | Reached XP level 5. HP: 2/40 MP: 8/8
  2881 | D:4      | Succumbed to a scorpion's poison

Illustrated notes

Levels and vault maps discovered:
D:1:      mrwooster_arrival_arrow, layout_basic
D:2:      layout_basic, chequers_ecumenical_altar_simple_redux
D:3:      layout_basic, mainiacjoe_overflow_paths, serial_shops,
          nicolae_square_shop, uniq_robin
D:4:      cheibrodos_quashed, layout_cave_pools, serial_shops,
          kennysheep_mini_moat, nicolae_shop_stone, shop_scrolls, shop_fountains

Skill      XL: |  1  2  3  4 |
---------------+-------------+-----
Dodging        | 2 |  2.4
Unarmed Combat | 4 |  4.3
Transmutations | 3 |  3.2
Fighting       | |  1.4
Spellcasting   | |  2.6

Action                   |  1- 3 |  4- 6 || total
-------------------------+-------+-------++-------
Melee: Unarmed           |   116 |    62 ||   178
       Kick              |    15 |     9 ||    24
       Headbutt          |    15 |     8 ||    23
       Tailslap          |     8 |     5 ||    13
       Punch             |       |     2 ||     2
 Cast: Beastly Appendage |    25 |    11 ||    36
  Use: Potion            |       |     2 ||     2
Armor: Skin              |    41 |    25 ||    66
Dodge: Dodged            |    69 |    36 ||   105

Table legend: (Time is in decaauts)
 A = Elapsed time spent in this place.
 B = Non-inter-level travel time spent in this place.
 C = Inter-level travel time spent in this place.
 D = Time resting spent in this place.
 E = Time spent auto-exploring this place.
 F = Levels seen in this place.
 G = Mean time per level.
                   A        B        C        D        E       F      G
               +--------+--------+--------+--------+--------+-----+--------+
         Total |   2869 |   2808 |     61 |    466 |   1897 |   4 |  717.2 |
       Dungeon |   2869 |   2808 |     61 |    466 |   1897 |   4 |  717.2 |
               +--------+--------+--------+--------+--------+-----+--------+

Top non-repeatable levels by time:
     D:1: 970 daAuts
     D:3: 816 daAuts
     D:2: 793 daAuts
     D:4: 289 daAuts
